 Dungeon Crawl Stone Soup version 0.26.0-18-gc5c842f807 (webtiles) character file.

Game seed: 7804723099609306541

55 kaeus the Firebug (level 3, -2/19 HPs)
             Began as a Gargoyle Fire Elementalist on Jan 22, 2021.
             Slain by a gnoll
             ... wielding a +0 flail
              (8 damage)
             ... on level 1 of the Dungeon.
             The game lasted 00:02:10 (1221 turns).

kaeus the Firebug (Gargoyle Fire Elementalist)      Turns: 1221, Time: 00:02:11

Health: -2/19      AC:  6    Str: 11    XL:     3   Next: 93%
Magic:  3/6        EV:  9    Int: 16    God:
Gold:   66         SH:  7    Dex: 10    Spells: 6/7 levels left

rFire    . . .     SeeInvis .   i - +0 hand axe
rCold    . . .     Faith    .   d - +0 kite shield
rNeg     + . .     Spirit   .   a - +0 robe
rPois    ∞         Reflect  .   c - +0 helmet
rElec    +         Harm     .   (no cloak)
rCorr    .         Rampage  .   (no gloves)
Will     .....                  (no boots)
Stlth    ++........             (no amulet)
HPRegen  0.06/turn              (no ring)
MPRegen  0.10/turn              (no ring)

@: very slightly contaminated
A: negative energy resistance 1, electricity resistance, unbreathing,
petrification resistance, miasma immunity, AC +3
a: no special abilities


You were on level 1 of the Dungeon.
You visited 1 branch of the dungeon, and saw 2 of its levels.

You collected 66 gold pieces.

Inventory:

Hand Weapons
 i - a +0 hand axe (weapon)
Armour
 a - a +0 robe (worn)
 c - a +0 helmet (worn)
 d - a +0 kite shield (worn)
Scrolls
 b - a scroll of identify {unknown}
 f - a scroll of fear {unknown}
Potions
 g - a potion of flight {unknown}
 h - a potion of haste {unknown}


   Skills:
 - Level 1.7 Dodging
 - Level 2.4 Stealth
 + Level 1.2 Shields
 + Level 2.5 Spellcasting
 + Level 2.1 Conjurations
 + Level 3.4 Fire Magic


You had 6 spell levels left.
You knew the following spells:

 Your Spells              Type           Power        Failure   Level
a - Foxfire               Conj/Fire      40%          36%         1

Your spell library contained the following spells:

 Spells                   Type           Power        Failure   Level
 Conjure Flame            Conj/Fire      10%          75%         3
 Inner Flame              Hex/Fire       7%           86%         3
 Sticky Flame             Conj/Fire      10%          98%         4
 Fireball                 Conj/Fire      5%           100%        5


Dungeon Overview and Level Annotations

Branches:
Dungeon (2/15)

Altars:


Innate Abilities, Weirdness & Mutations

You are resistant to torment.
Your stone body is resilient. (AC +3)
You are immune to poison.
You resist negative energy. (rN+)
You are resistant to electric shocks. (rElec)
You can survive without breathing.
You are immune to petrification.
You are immune to miasma.


Message History

You conjure some foxfire!
The gnoll hits you with a +0 flail. You block the gnoll's attack.
You take 2 damage, and have 6/19 hp.
You now have 4/6 mp.
Casting: Foxfire (safe; 36% risk of failure)
Confirm with . or Enter, or press ? or * to list all spells.
You conjure some foxfire!
The foxfire hits the gnoll.
The gnoll is lightly wounded.
The gnoll closely misses you. You block the gnoll's attack.
You now have 3/6 mp.
Casting: Foxfire (safe; 36% risk of failure)
Confirm with . or Enter, or press ? or * to list all spells.
Okay, then.
The foxfire hits the gnoll.
The gnoll is moderately wounded.
The foxfire hits the gnoll.
The gnoll is heavily wounded.
The foxfire hits the gnoll.
The gnoll is almost dead.
The gnoll hits you with a +0 flail!
You die...

#.....#.#......[................
##.......#.......................
#......####......................
.................................
..#....#######...................
###....##....................#...
# #....#..#####...###....)...##..
####.....## #§§#.#..........####
......#### #.g@...##.......####
.......# #.g#..###.##.###...#
.......# #..##.###..(.....###
.......# ##..#..........####..
.......# #(......(.....##....#
.......# #.#....#.....##.#.###
.......######.#..#.#.....#...#...
.................#.#.....#.##.#..
.......#####....##.#####...#####.


You could see 2 gnolls.

Vanquished Creatures
  A gnoll (D:2)
  2 adders (D:2)
  A shadow imp (D:2)
  3 leopard geckos
  3 bats (D:1)
  A giant cockroach (D:1)
  2 hobgoblins (D:1)
  A kobold (D:1)
  A frilled lizard (D:2)
  A goblin (D:1)
  2 rats (D:1)
18 creatures vanquished.

Vanquished Creatures (others)
  66 foxfires
66 creatures vanquished.

Grand Total: 84 creatures vanquished

Notes
Turn   | Place    | Note
-------+----------+-------------------------------------------
     0 | D:1      | kaeus the Gargoyle Fire Elementalist began the quest for
                  | the Orb.
     0 | D:1      | Reached XP level 1. HP: 10/10 MP: 3/3
   289 | D:1      | Reached XP level 2. HP: 11/15 MP: 0/5
   776 | D:2      | Found a faded altar of an unknown god.
   821 | D:2      | Reached XP level 3. HP: 19/19 MP: 1/6
   959 | D:2      | Reached skill level 1 in Shields
  1221 | D:1      | Slain by a gnoll

Illustrated notes

Levels and vault maps discovered:
D:1:      lemuel_arrival_tunnels, layout_rooms
D:2:      layout_loops_ring, makhleb_grotto_becter, cheibriados_altar_1,
          chequers_ecumenical_altar_simple

Skill      XL: |  1  2  3 |
---------------+----------+-----
Shields        | 1 |  1.2
Conjurations   | 2 |  2.1
Dodging        | |  1.7
Stealth        | |  2.4
Spellcasting   | |  2.5
Fire Magic     | |  3.4

Action                   || total
-------------------------++-------
Melee: Unarmed           ||    19
       Hand axe          ||     9
       Club              ||     2
 Cast: Foxfire           ||    42
Armor: Robe              ||    14
Dodge: Dodged            ||    27
Block: Kite shield       ||     5
